 Dungeon Crawl Stone Soup version 0.30.1 (webtiles) character file.

Game seed: 10461800300557497203

182 Sabo the Chopper (level 5, -2/41 HPs)
             Began as a Demonspawn Monk on July 9, 2023.
             Was a Follower of Makhleb.
             Slain by Dowan
             ... wielding a +6 dagger of venom
              (3 damage)
             ... on level 4 of the Dungeon.
             The game lasted 00:14:29 (2894 turns).

Sabo the Chopper (Demonspawn Monk)                  Turns: 2894, Time: 00:14:31

Health: -2/41      AC: 13    Str: 14    XL:     5   Next: 34%
Magic:  5/5        EV:  4    Int: 11    God:    Makhleb [*.....]
Gold:   134        SH:  0    Dex: 17    Spells: 4/4 levels left

rFire   . . .        f - +0 war axe (flame)
rCold   . . .        d - orb {light}
rNeg    . . .        n - +0 plate armour
rPois   +            k - +0 helmet
rElec   .            x - +0 cloak {rPois}
rCorr   .            (no gloves)
SInv    .            (no boots)
Will    .....        (no amulet) Stlth
                     (no ring)
HPRegen 0.26/turn    (no ring)
MPRegen 0.09/turn

%: no passive effects
@: confused, lethally poisoned (-2 -> -18), ambrosia-drunk, glowing
A: thin skeletal structure 1
a: Renounce Religion


You were on level 4 of the Dungeon.
You worshipped Makhleb.
Makhleb was aware of your devotion.
You visited 1 branch of the dungeon, and saw 4 of its levels.

You collected 134 gold pieces.

Inventory:

Hand Weapons
 f - a +0 war axe of flaming (weapon)
 p - a +0 sling
Missiles
 r - 2 boomerangs (quivered)
 v - a silver boomerang
 w - 6 poisoned darts
Armour
 d - an orb of light (worn)
 k - a +0 helmet (worn)
 n - a +0 plate armour (worn)
 x - a +0 cloak of poison resistance (worn)
Scrolls
 e - 2 scrolls of teleportation
 o - 2 scrolls of fear
 u - a scroll of noise {unknown}
Potions
 b - 2 potions of mutation {unknown}
 j - a potion of heal wounds {unknown}
 l - 2 potions of haste {unknown}
 m - 2 potions of curing {unknown}
 t - a potion of invisibility {unknown}


   Skills:
 + Level 3.6 Fighting
 + Level 4.1 Axes
 + Level 2.1 Armour
 + Level 3.2 Dodging
 + Level 0.1 Stealth


You had 4 spell levels left.
You didn't know any spells.
Your spell library contained the following spells:

 Spells                   Type           Power      Damage    Failure   Level
 Freeze                   Ice            0%         1d3       100%        1
 Magic Dart               Conj           0%         1d3       100%        1
 Slow                     Hex            0%         N/A       100%        1
 Searing Ray              Conj           0%         2d4       100%        2
 Confusing Touch          Hex            0%         N/A       100%        3
 Frozen Ramparts          Ice            0%         1d1       100%        3
 Hailstorm                Conj/Ice       0%         3d3       100%        3
 Summon Guardian Golem    Hex/Summ       0%         N/A       100%        3
 Vampiric Draining        Necr           0%         2d6       100%        3
 Fulminant Prism          Conj/Hex       0%         3d5       100%        4
 Orb of Destruction       Conj           0%         9d5       100%        7
 Spellforged Servitor     Conj/Summ      0%         N/A       100%        7


Dungeon Overview and Level Annotations

Branches:
Dungeon (4/15)
 Temple: D:4-7

Altars:
Gozag
Makhleb
Wu Jian

Annotations:
D:4 Dowan, Duvessa


Innate Abilities, Weirdness & Mutations

You have a somewhat thin skeletal structure. (Dex +2, Stealth+)


Message History

You hit Duvessa but do no damage.
Duvessa is moderately wounded.
Duvessa hits you with a +0 short sword.
You barely miss Dowan. You hit Duvessa. You burn Duvessa.
Dowan hits you but does no damage. Duvessa hits you with a +0 short sword.
You hit Dowan. You burn Dowan.
Dowan is lightly wounded.
You hit Duvessa but do no damage. You slash the hobgoblin!
You burn the hobgoblin.
You kill the hobgoblin!
Makhleb accepts your kill. Duvessa hits you but does no damage.
Dowan hits you with a +6 dagger of venom.
Dowan hits you but does no damage. Duvessa hits you but does no damage.
You barely miss Dowan.
Dowan is lightly wounded.
You barely miss Duvessa. Duvessa hits you but does no damage.
Dowan barely misses you.
You barely miss Dowan.
Dowan is lightly wounded.
You hit Duvessa. You burn Duvessa.
Dowan hits you with a +6 dagger of venom.
You are lethally poisoned!
Duvessa hits you with a +0 short sword!
* * * LOW HITPOINT WARNING * * *
You are confused.
You feel invigorated.
* * * LOW HITPOINT WARNING * * *
You feel very sick. Duvessa hits you with a +0 short sword.
* * * LOW HITPOINT WARNING * * *
Dowan hits you but does no damage.
You are more poisoned.
You slash Dowan! You burn Dowan.
Dowan is heavily wounded.
You hit Duvessa but do no damage.
* * * LOW HITPOINT WARNING * * *
You feel very sick.
Dowan hits you with a +6 dagger of venom.
You die...

..... ##..#.....
#...# ##.###.....
#....##..# #...>
##....#.## #...
#......## #..#
.#......# #..# #
........# ##..##..##
....###.####e†.......
.## ##....e@#
#.....#.# #.....##.#
#.......# #..
#..##...e# ... #..#
##...# .... ..# ##...
#... .. #.... ...


You could see Duvessa and Dowan.

Vanquished Creatures
  Crazy Yiuf (D:3)
  An orc priest (D:3)
  An orc wizard (D:3)
  3 adders
  A worm (D:2)
  10 orcs (D:3)
  5 endoplasms
  5 goblins
  6 hobgoblins
  4 quokkas
  5 ball pythons
  3 bats
  5 frilled lizards
  5 kobolds
  4 rats
59 creatures vanquished.

Notes
Turn   | Place    | Note
-------+----------+-------------------------------------------
     0 | D:1      | Sabo the Demonspawn Monk began the quest for the Orb.
     0 | D:1      | Reached XP level 1. HP: 18/18 MP: 1/1
   576 | D:1      | Gained mutation: You have a somewhat thin skeletal
                  | structure. (Dex +2, Stealth+) [demonic ancestry]
   576 | D:1      | Reached XP level 2. HP: 24/24 MP: 2/2
   721 | D:2      | Reached skill level 3 in Axes
   986 | D:2      | Reached XP level 3. HP: 13/29 MP: 3/3
  1705 | D:3      | Reached skill level 1 in Armour
  2050 | D:3      | Reached XP level 4. HP: 33/35 MP: 4/4
  2149 | D:3      | Found a runed translucent door.
  2174 | D:3      | Found an opulent altar of Gozag.
  2238 | D:3      | Found an ornate altar of the Wu Jian Council.
  2489 | D:3      | Reached XP level 5. HP: 35/41 MP: 5/5
  2532 | D:3      | Found a burning altar of Makhleb.
  2535 | D:3      | Noticed a cacodemon
  2542 | D:3      | Noticed an angel
  2553 | D:3      | Became a worshipper of Makhleb the Destroyer
  2553 | D:3      | Reached * piety under Makhleb
  2553 | D:3      | Reached ** piety under Makhleb
  2757 | D:3      | Noticed Crazy Yiuf
  2763 | D:3      | Killed Crazy Yiuf
  2764 | D:3      | Reached skill level 4 in Axes
  2878 | D:4      | Noticed Duvessa
  2879 | D:4      | Noticed Dowan
  2894 | D:4      | HP: 1/41 [poisoned by Dowan]
  2894 | D:4      | Slain by Dowan

Illustrated notes

Levels and vault maps discovered:
D:1:      saegor_arrival_simple_e, layout_loops_ring, minmay_tripent
D:2:      layout_loops_corners
D:3:      layout_loops_ring, grunt_temple_overflow_order_and_chaos_2,
          nicolae_wu_jian_immortal_techniques, grunt_gozag_statues,
          uniq_crazy_yiuf_cottage
D:4:      layout_layer_cave, hangedman_abyss_or_decor_stabs,
          minmay_misc_feat_square, minmay_bisected, uniq_duvessa, uniq_natasha

Skill      XL: |  1  2  3  4  5 |
---------------+----------------+-----
Dodging        | 3 |  3.2
Axes           | 3 4 |  4.1
Armour         | 1 2 |  2.1
Fighting       | |  3.6
Stealth        | |  0.1

Action                     |  1- 3 |  4- 6 || total
---------------------------+-------+-------++-------
  Melee: Hand axe          |    79 |       ||    79
         War axe           |    22 |    43 ||    65
    Use: Scroll            |       |     4 ||     4
         Potion            |       |     1 ||     1
 Armour: Ring mail         |    23 |       ||    23
         Plate armour      |    23 |    31 ||    54
  Dodge: Dodged            |    47 |     6 ||    53
